 Dungeon Crawl Stone Soup version 0.24-a0-493-g7e4ddcd485 (webtiles) character file.

Game seed: 7142017003829404849

354 Napalmbreeze the Skirmisher (level 6, -1/51 HPs)
             Began as a Formicid Fighter on July 12, 2019.
             Slain by Robin
             ... wielding a +3 spear of venom
              (11 damage)
             ... on level 2 of the Dungeon.
             The game lasted 00:05:18 (3537 turns).

Napalmbreeze the Skirmisher (Formicid Fighter)      Turns: 3537, Time: 00:05:19

Health: -1/51      AC:  5    Str: 19 (22) XL:     6   Next: 95%
Magic:  6/6        EV:  8    Int:  8      God:
Gold:   120        SH:  9    Dex:  8 (10) Spells: 5/5 levels left

rFire    . . .     SeeInvis +   a - +0 long sword
rCold    + . .     Gourm    .   c - +0 shield
rNeg     . . .     Faith    .   q - -2 scale mail (curse)
rPois    .         Spirit   .   (helmet unavailable)
rElec    .         Reflect  .   (no cloak)
rCorr    .         Harm     .   (no gloves)
MR       .....                  (no boots)
Stlth    ..........             (no amulet)
HPRegen  0.17/turn              o - ring of protection from cold
MPRegen  0.10/turn              (no ring)

@: lethally poisoned (-1 -> -23)
A: permanent stasis, dig shafts and tunnels, four strong arms, antennae 3
a: Dig, Shaft Self


You were on level 2 of the Dungeon.
You were not hungry.

You visited 1 branch of the dungeon, and saw 3 of its levels.

You collected 120 gold pieces.

Inventory:

Hand Weapons
 a - a +0 long sword (weapon)
Armour
 b - a +0 scale mail
 c - a +0 shield (worn)
 q - a cursed -2 scale mail (worn)
Jewellery
 o - a ring of protection from cold (left hand)
Wands
 d - a wand of iceblast (12)
Scrolls
 e - 2 scrolls of blinking {unknown}
 h - 3 scrolls of magic mapping
 j - 2 scrolls of teleportation
 k - 2 scrolls of identify
 l - a scroll of amnesia
 n - a scroll of enchant armour
Potions
 r - a potion of cancellation {unknown}
Comestibles
 f - 7 rations


   Skills:
 * Level 5.5 Fighting
 + Level 3.4 Long Blades
 + Level 4.6 Armour
 + Level 5.1 Shields


You had 5 spell levels left.
You didn't know any spells.
Your spell library was empty.

Dungeon Overview and Level Annotations

Branches:
Dungeon (3/15)

Altars:
Hepliaklqana
Wu Jian
Zin

Annotations:
D:2 Robin


Innate Abilities, Weirdness & Mutations

You cannot be hasted, slowed, berserked, paralysed or teleported.
You can dig through walls and to a lower floor.
Your four strong arms can wield two-handed weapons with a shield.
You have a pair of large antennae on your head. (SInv)


Message History

The goblin barely misses you.
You barely miss Robin.
Robin is moderately wounded.
You feel sick. You block Robin's attack. The goblin hits you.
You block Robin's attack.
You hit Robin.
Robin is moderately wounded.
You feel sick. You block Robin's attack. You block the goblin's attack.
Robin hits you with a +3 spear of venom.
You are more poisoned.
You barely miss Robin.
Robin is moderately wounded.
You feel sick.
Robin hits you with a +3 spear of venom.
* * * LOW HITPOINT WARNING * * *
You are lethally poisoned!
The goblin hits you.
* * * LOW HITPOINT WARNING * * *
Robin hits you with a +3 spear of venom!
You die...

####### ......# ......#
......# ......# ###########
###.### #..>.......
#..#############..........
#............g<...........
##.#########.(@.......#### ##
#.#..## #..g.......# #.
#.....# #.[).......### #.
##....#####............#
####.
#.#.................#.###....
#...#...#######.###.#.....#..
##..##).# #.###.#........
#..##....# ##[.............
#...#.##..###........#####..


You could see Robin (berserk) and a goblin.

Vanquished Creatures
  Sigmund (D:2)
  An iguana (D:3)
  Ijyb (D:3)
  Terence (D:3)
  6 adders
  2 dart slugs
  A leopard gecko (D:3)
  3 giant cockroaches
  14 goblins
  3 hobgoblins
  2 jackals (D:1)
  A quokka (D:3)
  2 ball pythons
  7 bats
  4 frilled lizards
  6 kobolds
  7 rats
62 creatures vanquished.

Notes
Turn   | Place    | Note
-------+----------+-------------------------------------------
     0 | D:1      | Napalmbreeze the Formicid Fighter began the quest for the
                  | Orb.
     0 | D:1      | Reached XP level 1. HP: 18/18 MP: 1/1
   283 | D:1      | Reached XP level 2. HP: 21/24 MP: 2/2
   930 | D:2      | Noticed Robin
   940 | D:1      | Reached XP level 3. HP: 25/29 MP: 3/3
  1343 | D:2      | Found a glowing silver altar of Zin.
  1351 | D:2      | Noticed Sigmund
  1399 | D:3      | Noticed Ijyb
  1428 | D:3      | Killed Ijyb
  1428 | D:3      | Reached XP level 4. HP: 7/37 MP: 4/4
  1432 | D:3      | HP: 1/37 [hobgoblin/+0 club (2)]
  1887 | D:3      | Reached XP level 5. HP: 43/43 MP: 5/5
  1963 | D:3      | Noticed Terence
  1975 | D:3      | Killed Terence
  2018 | D:3      | Found a hazy altar of Hepliaklqana.
  2587 | D:3      | Found an ornate altar of the Wu Jian Council.
  2844 | D:2      | Reached XP level 6. HP: 40/50 MP: 6/6
  2961 | D:2      | HP: 2/50 [poisoned by Sigmund]
  2974 | D:2      | Killed Sigmund
  2974 | D:2      | Reached skill level 5 in Fighting
  2974 | D:2      | Reached skill level 5 in Shields
  3537 | D:2      | Slain by Robin

Levels and vault maps discovered:
D:1:      matt_arrival_debris, layout_basic, roderic_malta_cross, fountainhead
D:2:      layout_rooms, kiku_gazebo_garden_becter, zin_academy, uniq_sigmund,
          uniq_robin
D:3:      layout_loops_ring, lemuel_coloured_pillars_altar, lemuel_doored_altar,
          hex_large, uniq_ijyb, uniq_terence

Skill      XL: |  1  2  3  4  5  6 |
---------------+-------------------+-----
Shields        | 4 5 |  5.1
Fighting       | 4 5 |  5.5
Armour         | 4 |  4.6
Long Blades    | 3 |  3.4

Action                   |  1- 3 |  4- 6 || total
-------------------------+-------+-------++-------
Melee: Long sword        |    94 |   155 ||   249
  Use: Potion            |     1 |     6 ||     7
       Scroll            |       |     5 ||     5
  Eat: Chunk             |     2 |     4 ||     6
       Ration            |       |     1 ||     1
Armor: Scale mail        |    65 |    66 ||   131
Dodge: Dodged            |    39 |    66 ||   105
Block: Shield            |    67 |    98 ||   165
       Rpst.: Long sword |    16 |    20 ||    36

Table legend:
 A = Non-vault XP
 B = Vault XP
 C = Vault XP percentage of total XP
 D = Non-vault monster count
 E = Vault monster count
 F = Vault count percentage of total count
                 A         B        C        D         E       F
            +---------+---------+-------+---------+---------+-------
      Total |     188 |     319 |  62.9 |      48 |      14 |  22.6
            +---------+---------+-------+---------+---------+-------
        D:1 |      20 |      18 |  47.4 |      14 |      10 |  41.7
        D:2 |      42 |     229 |  84.5 |      11 |       2 |  15.4
        D:3 |     126 |      72 |  36.4 |      23 |       2 |   8.0
            +---------+---------+-------+---------+---------+-------
